 Dungeon Crawl Stone Soup version 0.27-a0-1230-gfc7c993222 (webtiles) character file.

Game seed: 11558812193067022609

65 27snakeeyes612 the Skirmisher (level 4, -4/42 HPs)
             Began as a Naga Fighter on June 8, 2021.
             Slain by Sigmund
             ... wielding a +0 scythe
              (9 damage)
             ... on level 2 of the Dungeon.
             The game lasted 00:00:56 (2198 turns).

27snakeeyes612 the Skirmisher (Naga Fighter)        Turns: 2198, Time: 00:00:57

Health: -4/42      AC:  5    Str: 20    XL:     4   Next: 14%
Magic:  4/4        EV:  5    Int:  8    God:
Gold:   84         SH:  8    Dex: 10    Spells: 3/3 levels left

rFire    . . .     SeeInvis +   a - +0 war axe
rCold    . . .     Faith    .   c - +0 kite shield
rNeg     . . .     Spirit   .   b - +0 scale mail
rPois    +         Reflect  .   (no helmet)
rElec    .         Harm     .   (no cloak)
rCorr    .         Rampage  .   (no gloves)
Will     .....                  (no barding)
Stlth    ..........             (no amulet)
HPRegen  0.14/turn              (no ring)
MPRegen  0.09/turn              (no ring)

@: very slow
A: AC +1, large, see invisible, deformed body, poison resistance, slowness 2,
spit poison 1, naga tail 1
a: Spit Poison


You were on level 2 of the Dungeon.
You visited 1 branch of the dungeon, and saw 2 of its levels.

You collected 84 gold pieces.

Inventory:

Hand Weapons
 a - a +0 war axe (weapon)
Armour
 b - a +0 scale mail (worn)
 c - a +0 kite shield (worn)
Scrolls
 e - 2 scrolls of identify {unknown}
 i - a scroll of summoning {unknown}
 k - a scroll of immolation {unknown}
Potions
 d - a potion of might
 g - a potion of flight {unknown}
 h - a potion of attraction {unknown}
 j - a potion of lignification {unknown}


   Skills:
 + Level 3.5 Fighting
 + Level 2.9 Axes
 + Level 2.9 Armour
 + Level 0.3 Dodging
 + Level 0.1 Stealth
 + Level 2.6 Shields


You had 3 spell levels left.
You didn't know any spells.
Your spell library contained the following spells:

 Spells                   Type           Power      Damage    Failure   Level
 Summon Small Mammal      Summ           0%         N/A       99%         1
 Call Imp                 Summ           0%         N/A       100%        2
 Call Canine Familiar     Summ           0%         N/A       100%        3
 Summon Guardian Golem    Hex/Summ       0%         N/A       100%        3
 Summon Ice Beast         Ice/Summ       0%         N/A       100%        4
 Summon Lightning Spire   Summ/Air       0%         N/A       100%        4


Dungeon Overview and Level Annotations

Branches:
Dungeon (2/15)

Altars:

Shops:
D:1 *

Annotations:
D:2 Sigmund


Innate Abilities, Weirdness & Mutations

Your serpentine skin is tough. (AC +1)
You have supernaturally acute eyesight. (SInv)
Armour fits poorly on your strangely shaped body.
Your system is resistant to poisons. (rPois)
You cover ground very slowly.
You can spit poison.
You have a snake-like lower body.


Message History

The jackal bites you. Sigmund hits you with a +0 scythe!
* * * LOW HITPOINT WARNING * * *
The jackal bites you but does no damage.
You are too injured to fight recklessly!
You are too injured to fight recklessly!
You are too injured to fight recklessly!
You are too injured to fight recklessly!
You are too injured to fight recklessly!
You are too injured to fight recklessly!
You are too injured to fight recklessly!
You are too injured to fight recklessly!
You are too injured to fight recklessly!
You are too injured to fight recklessly!
You are too injured to fight recklessly!
You are too injured to fight recklessly!
You are too injured to fight recklessly!
You are too injured to fight recklessly!
You are too injured to fight recklessly!
Abil: Spit Poison
Press: ? - help, Q - select action Shift-Dir - straight line, f - Sigmund
Aim: Sigmund, wielding a +0 scythe and wearing a +0 robe The splash of poison hits Sigmund!
Sigmund is moderately wounded.
The jackal bites you.
* * * LOW HITPOINT WARNING * * *
The jackal bites you but does no damage.
Sigmund hits you with a +0 scythe.
* * * LOW HITPOINT WARNING * * *
The jackal bites you but does no damage.
You block Sigmund's attack.
It was a potion of curing.
You feel better.
You have got your breath back.
A kobold comes into view. It is wielding a +0 whip.
Sigmund hits you from afar with a +0 scythe.
* * * LOW HITPOINT WARNING * * *
The jackal barely misses you. The jackal bites you.
* * * LOW HITPOINT WARNING * * *
Sigmund hits you from afar with a +0 scythe!
You die...

#..###.# ##. #......#
... ##.##### #.. #.#
##.. #.# # #... #.#
.K.##.. ########.#
......h#####........#
#..>.h@h@...########
#####.####### #. #.
#. #[ #. #.


You could see Sigmund and 3 jackals.

Vanquished Creatures
  Natasha (D:2)
  2 adders (D:2)
  3 ball pythons (D:1)
  2 giant cockroaches
  5 goblins
  A hobgoblin (D:2)
  A quokka (D:1)
  5 frilled lizards
  3 rats
23 creatures vanquished.

Notes
Turn   | Place    | Note
-------+----------+-------------------------------------------
     0 | D:1      | 27snakeeyes612 the Naga Fighter began the quest for the
                  | Orb.
     0 | D:1      | Reached XP level 1. HP: 21/21 MP: 1/1
   154 | D:1      | Found Demaocu's Assorted Antiques.
   777 | D:1      | Reached XP level 2. HP: 27/28 MP: 2/2
   790 | D:1      | Found a faded altar of an unknown god.
  1497 | D:2      | Reached XP level 3. HP: 11/34 MP: 3/3
  1809 | D:2      | Noticed Natasha
  1816 | D:2      | Killed Natasha
  1964 | D:2      | Reached XP level 4. HP: 20/42 MP: 4/4
  2192 | D:2      | Noticed Sigmund
  2198 | D:2      | Slain by Sigmund

Illustrated notes

Levels and vault maps discovered:
D:1:      dpeg_chamrin_arrival_tetris, layout_basic,
          ebering_ecumenical_altar_box, serial_shops, shop
D:2:      layout_loops_corners, uniq_sigmund, uniq_natasha

Action                   |  1- 3 |  4- 6 || total
-------------------------+-------+-------++-------
Melee: War axe           |    63 |    10 ||    73
 Abil: Spit Poison       |     1 |     1 ||     2
  Use: Potion            |       |     1 ||     1
Armor: Scale mail        |    25 |     8 ||    33
Dodge: Dodged            |    20 |     2 ||    22
Block: Kite shield       |    33 |     7 ||    40

Table legend: (Time is in decaauts)
 A = Elapsed time spent in this place.
 B = Non-inter-level travel time spent in this place.
 C = Inter-level travel time spent in this place.
 D = Time resting spent in this place.
 E = Time spent auto-exploring this place.
 F = Levels seen in this place.
 G = Mean time per level.
                   A        B        C        D        E       F      G
               +--------+--------+--------+--------+--------+-----+--------+
         Total |   2704 |   2586 |    118 |    281 |   2091 |   2 | 1352.0 |
       Dungeon |   2704 |   2586 |    118 |    281 |   2091 |   2 | 1352.0 |
               +--------+--------+--------+--------+--------+-----+--------+

Top non-repeatable levels by time:
     D:1: 1809 daAuts
     D:2: 894 daAuts
